AoeStats
← el forasteiro

Arena

508100693Analyzed
1v1 RM · 26d ago on Sep 20, 2026· 56m 25s· 2 players
Game mode
Random Map
Map size
Tiny (2 player)
Population
200
Speed
Normal
Resources
Standard
Victory
Conquest
Starting age
Dark Age
Ending age
Imperial Age
RankedLock teamsTeams togetherTeam positionsShared explorationLock speedFull tech treeHidden civsTurbo modeCheats
Victory
Defeat
🇮🇪 Burgundians · Ireland
421
+14
vs
🇧🇷 Bulgarians · Brazil
381
-14
el forasteiro
11:05 Feudal Age
12:40 Scale Barding Armor
12:46 Forging
12:43 Town Watch
13:47 Wheelbarrow
14:06 Double-Bit Axe
16:21 Horse Collar
22:08 Castle Age
23:18 Town Watch
25:08 Stone Mining
25:08 Gold Mining
25:29 Bow Saw
26:40 Fervor
29:03 Iron Casting
31:29 Heavy Plow
31:56 Masonry
31:41 Murder Holes
31:57 Town Patrol
32:12 Hand Cart
37:29 Imperial Age
36:10 Gold Shaft Mining
36:11 Stone Shaft Mining
35:45 Scale Mail Armor
35:46 Padded Archer Armor
35:37 Fletching
36:31 Redemption
39:28 Illumination
40:42 Architecture
41:13 Chemistry
40:33 Ballistics
40:20 Siege Engineers
40:37 Pikeman
41:17 Squires
41:04 Arson
41:40 Stirrups
41:35 Halberdier
47:56 Elite Konnik
49:26 Bodkin Arrow
49:55 Chain Barding Armor
53:49 Onager
MacAttack
10:48 Feudal Age
11:14 Double-Bit Axe
11:11 Horse Collar
18:06 Castle Age
17:07 Heavy Plow
17:09 Gold Mining
21:55 Bow Saw
27:34 Cavalier
30:22 Man-at-Arms
32:56 Gold Shaft Mining
32:54 Crop Rotation
34:59 Long Swordsman
35:47 Husbandry
41:21 Squires
45:00 Imperial Age
43:07 Wheelbarrow
42:49 Forging
42:40 Scale Mail Armor
42:47 Scale Barding Armor
44:55 Burgundian Vineyards
45:07 Stone Mining
46:19 Two-Man Saw
46:07 Capped Ram
51:40 Paladin
55:38 Iron Casting
55:18 Chain Mail Armor
55:24 Chain Barding Armor
55:13 Squires
54:59 Arson
Connection lost

Rejoining the realm…

Still unreachable

The connection could not be restored.

Session expired

The server has moved on; the page needs a fresh start.